[Event "Titled Tuesday Blitz June 13 Early 2023"]
[White "Madaminov, Mukhiddin"]
[Black "Orlov, Georgi"]
[WhiteFideId "14210703"]
[BlackFideId "2011271"]
[WhiteElo "2511"]
[BlackElo "2628"]
[Result "0-1"]
[Round "2"]
[TimeControl "180+2"]
[Date "2023.06.13"]
[WhiteClock "0:00:19"]
[BlackClock "0:00:38"]
[Board "21"]

1. d4 Nf6 2. Nc3 d5 3. Bf4 c5 4. e3 c4 5. b3 Qa5 6. Qd2 e5 7. dxe5 Bb4 8. Nge2 Ne4 9. Nxe4 Bxd2+ 10. Nxd2 Nc6 11. c3 Be6 12. a4 cxb3 13. Nxb3 Qc7 14. Ned4 Nxd4 15. cxd4 Qc3+ 16. Ke2 Qxb3 17. Kf3 a6 18. Be2 Qc2 19. h3 h6 20. g4 g5 21. Bh2 h5 22. Rac1 hxg4+ 23. hxg4 Rh3+ 24. Kg2 Qh7 25. Bg3 Rxh1 26. Rxh1 Qg8 27. f4 gxf4 28. exf4 Bxg4 29. Bxg4 Qxg4 30. Rh8+ Kd7 31. Rxa8 Qe2+ 32. Kh3 Qh5+ 33. Kg2 Qf5 34. a5 Qe4+ 35. Kh3 Ke6 36. Re8+ Kf5 37. Re7 Qh1+ 38. Bh2 Qf1+ 39. Kg3 Qxf4+ 40. Kh3 Qg4# 0-1


[Site "https://www.chess.com"]

[Event "Titled Tuesday Blitz June 13 Early 2023"]
[White "Kashlinskaya, Alina"]
[Black "Matlakov, Maxim"]
[WhiteFideId "4198026"]
[BlackFideId "4168003"]
[WhiteElo "2383"]
[BlackElo "2666"]
[Result "0-1"]
[Round "2"]
[TimeControl "180+2"]
[Date "2023.06.13"]
[WhiteClock "0:00:11"]
[BlackClock "0:00:28"]
[Board "22"]

1. Nf3 Nf6 2. g3 d5 3. Bg2 c6 4. O-O Bg4 5. d4 e6 6. h3 Bf5 7. c4 Nbd7 8. Nc3 Be7 9. cxd5 exd5 10. Nh4 Be4 11. Nxe4 Nxe4 12. Nf5 O-O 13. Bf4 Ndf6 14. Qb3 Qd7 15. g4 Rfe8 16. Rad1 Bf8 17. Be5 g6 18. Ng3 Bg7 19. f4 Nxg3 20. Qxg3 Qe7 21. g5 Nh5 22. Qd3 Bxe5 23. dxe5 Rad8 24. Qf3 a5 25. e3 a4 26. a3 b5 27. h4 Rb8 28. Bh3 b4 29. Bg4 bxa3 30. bxa3 Qxa3 31. Bxh5 gxh5 32. Rde1 Rb2 33. f5 Qb4 34. Qxh5 Qe4 35. Rf2 Rxf2 36. Kxf2 Qxf5+ 37. Ke2 Rxe5 38. Rf1 Qc2+ 39. Kf3 Rf5+ 0-1


[Site "https://www.chess.com"]

[Event "Titled Tuesday Blitz June 13 Early 2023"]
[White "Bok, Benjamin"]
[Black "Haug, Havard"]
[WhiteFideId "1017063"]
[BlackFideId "1547887"]
[WhiteElo "2657"]
[BlackElo "2396"]
[Result "1-0"]
[Round "2"]
[TimeControl "180+2"]
[Date "2023.06.13"]
[WhiteClock "0:00:04"]
[BlackClock "0:00:06"]
[Board "23"]

1. d4 d5 2. c4 e6 3. Nc3 c5 4. cxd5 cxd4 5. Qa4+ Bd7 6. Qxd4 exd5 7. Qxd5 Nf6 8. Qd1 Bc5 9. Nf3 Qe7 10. Bg5 Nc6 11. e3 O-O 12. Be2 Be6 13. O-O h6 14. Bxf6 Qxf6 15. Ne4 Qe7 16. Nxc5 Qxc5 17. Qa4 Rfd8 18. Rfc1 Qb6 19. Qb5 Qxb5 20. Bxb5 Ne7 21. Nd4 Bd5 22. Rc7 Kf8 23. a3 a6 24. Be2 Nc6 25. Nxc6 Bxc6 26. Bf3 Bxf3 27. gxf3 Rd2 28. Rxb7 Rc8 29. b4 Rcc2 30. Rf1 Ra2 31. Ra7 Rxa3 32. Rc1 Kg8 33. Rcc7 Ra1+ 34. Kg2 Raa2 35. Rxf7 Rxf2+ 36. Kg3 Rg2+ 37. Kf4 Ra4 38. Rfb7 Rg6 39. e4 Ra3 40. h4 h5 41. e5 Kh7 42. Ke4 Rg3 43. f4 Rae3+ 44. Kf5 Ref3 45. e6 Rg4 46. e7 Rfxf4+ 47. Ke6 Re4+ 48. Kd7 Rd4+ 49. Kc8 Rge4 50. Rd7 Rxb4 51. Rab7 Rbc4+ 52. Kd8 a5 53. e8=Q Rc8+ 54. Kxc8 Rxe8+ 55. Kc7 Re5 56. Kd6 Re4 57. Rxg7+ Kh6 58. Rh7+ Kg6 59. Rbg7+ Kf6 60. Rf7+ Kg6 61. Rfg7+ Kf6 62. Rg8 Rd4+ 63. Kc5 Rd1 64. Rxh5 Rc1+ 65. Kb6 Rd1 66. Rh6+ Kf7 67. Rg5 a4 68. Rf5+ Kg7 69. Rc6 Rd4 70. Ra5 Rxh4 71. Ra7+ Kh8 72. Rc8# 1-0


[Site "https://www.chess.com"]

[Event "Titled Tuesday Blitz June 13 Early 2023"]
[White "Domingo Nunez, Ruben"]
[Black "Sjugirov, Sanan"]
[WhiteFideId "22245570"]
[BlackFideId "4189302"]
[WhiteElo "2404"]
[BlackElo "2569"]
[Result "0-1"]
[Round "2"]
[TimeControl "180+2"]
[Date "2023.06.13"]
[WhiteClock "0:00:00"]
[BlackClock "0:00:02"]
[Board "24"]

1. c4 Nf6 2. Nf3 e6 3. e3 d5 4. d4 a6 5. Nc3 dxc4 6. Bxc4 b5 7. Bb3 Bb7 8. O-O Nbd7 9. Qe2 c5 10. Rd1 Qb6 11. d5 c4 12. dxe6 Qxe6 13. Bc2 Bc5 14. b3 O-O 15. bxc4 bxc4 16. Rb1 Rab8 17. Bb2 Ba8 18. Na4 Ba7 19. Ba3 Rxb1 20. Bxb1 Rb8 21. Bc2 Nf8 22. Rd6 Qg4 23. h3 Qc8 24. Rd1 Ng6 25. Rc1 Be4 26. Bxe4 Nxe4 27. Rxc4 Qe8 28. Nc3 Nf6 29. Nd4 Ne5 30. Rb4 Rc8 31. Na4 a5 32. Rb5 Ng6 33. Rxa5 Bxd4 0-1


[Site "https://www.chess.com"]

[Event "Titled Tuesday Blitz June 13 Early 2023"]
[White "Kumsiashvili, Nikoloz"]
[Black "Kramnik, Vladimir"]
[WhiteFideId "13600621"]
[BlackFideId "4101588"]
[WhiteElo "2299"]
[BlackElo "2703"]
[Result "1/2-1/2"]
[Round "2"]
[TimeControl "180+2"]
[Date "2023.06.13"]
[WhiteClock "0:00:15"]
[BlackClock "0:00:05"]
[Board "26"]

1. Nf3 Nf6 2. e3 g6 3. b3 Bg7 4. Bb2 O-O 5. Be2 b6 6. O-O Bb7 7. c4 c5 8. Nc3 Nc6 9. d4 cxd4 10. exd4 d5 11. Rc1 Rc8 12. Re1 dxc4 13. Bxc4 Na5 14. Be2 Nd5 15. Ne5 e6 16. Bf3 Nxc3 17. Bxc3 Bxe5 18. dxe5 Qxd1 19. Bxd1 Rfd8 20. Be2 Nc6 21. Bf3 Ba8 22. Bxc6 Rxc6 23. Bb4 Rd5 24. Red1 h6 25. Bd6 g5 26. h3 Kh7 27. Kf1 Rxd1+ 28. Rxd1 Rc2 29. a3 Bd5 30. b4 Kg6 31. Kg1 h5 32. Rd4 b5 33. h4 Rc3 34. hxg5 Kxg5 35. Be7+ Kf5 36. Bf6 Rc4 37. Rd3 Rc1+ 38. Kh2 Rc2 39. Kg3 Rc4 40. Kh2 a6 41. Rg3 Rg4 42. Rxg4 hxg4 43. Kg3 Bc6 44. Bg7 Bd5 45. Bf6 Be4 46. Bg7 Bd3 47. Bf6 Bf1 48. f3 gxf3 49. gxf3 Be2 50. Bg7 Bd1 51. Bf6 Be2 52. Bg7 Bd3 53. Bf6 Bc2 54. Bg7 Bb3 55. Bf6 Bc4 56. Bg7 Bd5 57. Bf6 Kg6 58. Kg4 Bc6 59. f4 Bd5 60. Bh8 Bc4 61. Bf6 Be2+ 62. Kg3 Kf5 63. Bg7 Ke4 64. Bf6 Kd3 65. Kh4 Kc4 66. Bd8 Kb3 67. Ba5 Bd3 68. Kg5 Kxa3 69. Kf6 Bg6 70. Kg5 Kb3 71. Kf6 Kc4 72. Kg5 Kd4 73. Kf6 Ke4 74. Kg5 Kf3 75. Bb6 Ke4 76. Ba5 Bf5 77. Bb6 Kd5 78. Ba5 Kc4 79. Kf6 Bg6 80. Kg5 Be4 81. Kf6 Bg6 1/2-1/2


[Site "https://www.chess.com"]

[Event "Titled Tuesday Blitz June 13 Early 2023"]
[White "Kevlishvili, Robby"]
[Black "Sourath Biswas"]
[WhiteFideId "1040634"]
[BlackFideId "35091484"]
[WhiteElo "2572"]
[BlackElo "2171"]
[Result "0-1"]
[Round "2"]
[TimeControl "180+2"]
[Date "2023.06.13"]
[WhiteClock "0:00:02"]
[BlackClock "0:00:10"]
[Board "27"]

1. e4 c6 2. Nf3 d5 3. Nc3 Bg4 4. h3 Bxf3 5. Qxf3 e6 6. g3 Nd7 7. Bg2 Bc5 8. O-O Ne7 9. Rd1 d4 10. Nb1 Ne5 11. Qh5 d3 12. Qxe5 Bd4 13. Qh5 dxc2 14. Rf1 cxb1=Q 15. Rxb1 O-O 16. b4 Qb6 17. a4 Rad8 18. Qe2 a6 19. d3 Ng6 20. Kh2 Ne5 21. Rb3 c5 22. Ba3 a5 23. b5 Nc6 24. Qc2 Nb4 25. Qc4 Rc8 26. f4 e5 27. f5 Kh8 28. f6 gxf6 29. Bc1 Qe6 30. Bh6 Rg8 31. Qxe6 fxe6 32. Rxf6 Rg6 33. Rxg6 hxg6 34. Bf1 Kh7 35. Bg5 Rf8 36. Rb1 Rf2+ 37. Bg2 Nxd3 38. h4 Rb2 39. Rf1 Rf2 40. Rd1 c4 41. Kh3 Rf7 42. Rh1 Nf2+ 0-1


[Site "https://www.chess.com"]

[Event "Titled Tuesday Blitz June 13 Early 2023"]
[White "Atanasov, Anthony"]
[Black "Zhigalko, Sergei"]
[WhiteFideId "2623897"]
[BlackFideId "13502956"]
[WhiteElo "2328"]
[BlackElo "2626"]
[Result "0-1"]
[Round "2"]
[TimeControl "180+2"]
[Date "2023.06.13"]
[WhiteClock "0:00:27"]
[BlackClock "0:00:22"]
[Board "28"]

1. d4 Nf6 2. Nf3 e6 3. Bf4 b6 4. e3 Bb7 5. Nbd2 Nh5 6. Bg5 Be7 7. h4 h6 8. Bxe7 Qxe7 9. Bd3 d6 10. c3 Nf6 11. a4 a6 12. Qe2 Nbd7 13. Rg1 e5 14. e4 a5 15. O-O-O O-O-O 16. Ba6 Rhe8 17. Bxb7+ Kxb7 18. Rge1 Nb8 19. Qd3 Qd7 20. dxe5 dxe5 21. Qxd7 Nbxd7 22. Nc4 Ng4 23. Re2 Nc5 24. Rxd8 Rxd8 25. Ncxe5 Nxe5 26. Nxe5 f6 27. Nf3 Nxa4 28. e5 fxe5 29. Nxe5 Nc5 30. Re3 a4 31. Kc2 b5 32. Nd3 Nxd3 33. Rxd3 Rxd3 34. Kxd3 c5 35. g4 Kc6 36. f4 Kd6 37. c4 b4 38. h5 Ke6 39. Kc2 Kf6 40. b3 a3 41. Kb1 g6 42. hxg6 Kxg6 43. Kc2 h5 44. f5+ Kg5 45. gxh5 Kxf5 46. h6 Kg6 47. h7 Kxh7 0-1


[Site "https://www.chess.com"]

[Event "Titled Tuesday Blitz June 13 Early 2023"]
[White "Aditya Mittal"]
[Black "Domingo Nunez, Alejandro"]
[WhiteFideId "35042025"]
[BlackFideId "22245561"]
[WhiteElo "2421"]
[BlackElo "2291"]
[Result "0-1"]
[Round "2"]
[TimeControl "180+2"]
[Date "2023.06.13"]
[WhiteClock "0:00:00"]
[BlackClock "0:00:55"]
[Board "29"]

1. d4 g6 2. e4 Bg7 3. c4 c6 4. Nc3 d6 5. Nf3 a6 6. Be3 b5 7. a3 Nd7 8. d5 Bb7 9. Nd4 cxd5 10. cxd5 Rc8 11. Be2 Ngf6 12. f3 Ne5 13. O-O O-O 14. Rc1 Nc4 15. Bxc4 Rxc4 16. Na2 Qc7 17. Nb4 Rc8 18. Nbc6 Rxc1 19. Qxc1 e6 20. Nb4 Qxc1 21. Rxc1 Rxc1+ 22. Bxc1 exd5 23. exd5 Nxd5 24. Ndc2 Nb6 25. Nd3 a5 26. Kf2 Nc4 27. b3 Ne5 28. Ke2 Bd5 29. Nxe5 dxe5 30. b4 Bc4+ 31. Kf2 a4 32. Ne3 Bh6 33. h4 Kf8 34. g4 Bf4 35. Bd2 Be6 36. Bc3 Ke7 37. Ng2 Bh2 38. Ne3 f6 39. Nf1 Bf4 40. Ng3 Bc1 41. Ne2 Bxa3 42. g5 Bc4 43. gxf6+ Kxf6 44. f4 Bxe2 45. Kxe2 Bc1 46. fxe5+ Ke6 47. Kd3 Bf4 48. Ke4 Bg3 49. Ba1 Bxh4 50. Kd4 Be7 51. Bc3 h5 52. Ke4 h4 0-1


[Site "https://www.chess.com"]

[Event "Titled Tuesday Blitz June 13 Early 2023"]
[White "Nagare Kaivalya Sandip"]
[Black "Tari, Aryan"]
[WhiteFideId "25957929"]
[BlackFideId "1510045"]
[WhiteElo "2024"]
[BlackElo "2586"]
[Result "0-1"]
[Round "2"]
[TimeControl "180+2"]
[Date "2023.06.13"]
[WhiteClock "0:00:15"]
[BlackClock "0:00:32"]
[Board "30"]

1. e4 c6 2. d4 d5 3. e5 Bf5 4. Nd2 e6 5. Nb3 Nd7 6. Nf3 Qc7 7. h3 f6 8. Bd3 Bxd3 9. Qxd3 fxe5 10. dxe5 Nxe5 11. Nxe5 Qxe5+ 12. Be3 Nf6 13. O-O-O Qe4 14. Qc3 Bb4 15. Qd4 Qxd4 16. Bxd4 Kf7 17. a3 Bd6 18. Rhe1 b6 19. Nd2 c5 20. Be5 Bxe5 21. Rxe5 Nd7 22. Re2 h6 23. Nc4 Rad8 24. Nd6+ Kf6 25. Nb5 a5 26. Nc7 Nf8 27. Rde1 Rd6 28. Ne8+ Ke7 29. Nxd6 Kxd6 30. f4 g6 31. g4 Rh7 32. f5 gxf5 33. gxf5 exf5 34. Re8 Rf7 35. Rd8+ Kc6 36. Ree8 Nd7 37. Re6+ Kc7 38. Rde8 f4 39. R6e7 Rf5 40. Rh7 f3 41. Re1 Rf6 42. Rg7 Kd6 43. Kd2 Ne5 44. Rf1 Nc4+ 45. Kc3 Ne3 46. Rb1 f2 47. Kd3 0-1


[Site "https://www.chess.com"]

[Event "Titled Tuesday Blitz June 13 Early 2023"]
[White "Kvaloy, Aksel Bu"]
[Black "Swiercz, Dariusz"]
[WhiteFideId "1528815"]
[BlackFideId "1126881"]
[WhiteElo "2318"]
[BlackElo "2620"]
[Result "0-1"]
[Round "2"]
[TimeControl "180+2"]
[Date "2023.06.13"]
[WhiteClock "0:00:01"]
[BlackClock "0:00:07"]
[Board "31"]

1. e4 c5 2. Nf3 Nc6 3. d4 cxd4 4. Nxd4 e5 5. Nb5 d6 6. N1c3 a6 7. Na3 Be6 8. Nc4 Rb8 9. Ne3 Nf6 10. Ned5 Bxd5 11. exd5 Nd4 12. Be3 Nf5 13. Bd2 g6 14. Bd3 Ne7 15. O-O Bg7 16. f4 exf4 17. Bxf4 O-O 18. Qf3 b5 19. Bg5 b4 20. Ne4 Nxe4 21. Qxe4 Be5 22. Rae1 Qc7 23. Qh4 Nxd5 24. Kh1 Qc5 25. Bh6 Bg7 26. Rf3 Rbe8 27. Ref1 Bxh6 28. Qxh6 Qd4 29. h4 Ne3 30. Rg1 Ng4 31. Qf4 Qxf4 32. Rxf4 Ne5 33. Rxb4 Rb8 34. Rxb8 Rxb8 35. b3 a5 36. Rd1 Kf8 37. Kg1 Ke7 38. Kf2 Rb4 39. g3 h6 40. Ke3 Rg4 41. Kf2 f5 42. Be2 Re4 43. Bf3 Rb4 44. a3 Rb8 45. Rd5 Rc8 46. c4 Rb8 47. Rxa5 Rxb3 48. Be2 Rb2 49. Ra7+ Kf6 50. Ke3 Rb3+ 51. Kf2 g5 52. hxg5+ hxg5 53. a4 f4 54. gxf4 gxf4 55. Ra8 Rb2 56. Rf8+ Kg5 57. Rg8+ Kf5 58. Ke1 Ke4 59. a5 Ke3 60. Bd1 Rb1 61. Re8 f3 62. Kf1 Rxd1# 0-1


[Site "https://www.chess.com"]

[Event "Titled Tuesday Blitz June 13 Early 2023"]
[White "Kezin, Roman"]
[Black "Moral Garcia, Serafin"]
[WhiteFideId "24124621"]
[BlackFideId "2201925"]
[WhiteElo "2504"]
[BlackElo "2274"]
[Result "1-0"]
[Round "2"]
[TimeControl "180+2"]
[Date "2023.06.13"]
[WhiteClock "0:01:56"]
[BlackClock "0:00:13"]
[Board "32"]

1. b3 e5 2. Bb2 Nc6 3. e3 Nf6 4. c4 d5 5. cxd5 Nxd5 6. a3 Be6 7. Qc2 Bd6 8. Nf3 O-O 9. Bb5 Nde7 10. Nc3 a6 11. Bd3 h6 12. O-O f5 13. Bc4 Qd7 14. d3 Nd8 15. Ne2 Nf7 16. Rac1 c6 17. Rfd1 b5 18. Bxe6 Qxe6 19. e4 g6 20. d4 fxe4 21. Qxe4 Qxb3 22. dxe5 Bc7 23. Rd7 Nf5 24. Rxc6 Qxb2 25. Rdxc7 Nh8 26. Qd5+ Rf7 27. Rxf7 Nxf7 28. Rxg6+ Kf8 29. Qxa8+ 1-0


[Site "https://www.chess.com"]

[Event "Titled Tuesday Blitz June 13 Early 2023"]
[White "ArtemDyachuk"]
[Black "Maksimovic, Bojan"]
[BlackFideId "14408120"]
[WhiteElo "2604"]
[BlackElo "2457"]
[Result "1-0"]
[Round "2"]
[TimeControl "180+2"]
[Date "2023.06.13"]
[WhiteClock "0:00:08"]
[BlackClock "0:00:00"]
[Board "33"]

1. Nf3 Nf6 2. c4 g6 3. g3 Bg7 4. Bg2 O-O 5. O-O d6 6. Nc3 Nc6 7. Rb1 a5 8. a3 e5 9. b4 axb4 10. axb4 Re8 11. d3 h6 12. b5 Nd4 13. Nd2 c6 14. e3 Bg4 15. f3 Bf5 16. exd4 Bxd3 17. Rb3 Bxf1 18. Bxf1 exd4 19. Nce4 Nxe4 20. Nxe4 d5 21. cxd5 cxd5 22. Nf2 Qb6 23. Nd3 Rac8 24. Bd2 Rc4 25. Nf4 Qc5 26. Bd3 Rc3 27. Bxc3 dxc3+ 28. Kg2 Re3 29. Bc2 h5 30. Nxd5 Re6 31. Nf4 Rd6 32. Nd3 Qe3 33. Rb1 h4 34. Ra1 Rd8 35. Ra4 Bf6 36. Re4 Qg5 37. Qe2 Kg7 38. Nf4 Qf5 39. Re3 Qc5 40. Rd3 Ra8 41. Rd7 Ra2 42. Ne6+ 1-0


[Site "https://www.chess.com"]

[Event "Titled Tuesday Blitz June 13 Early 2023"]
[White "Bharath Subramaniyam H"]
[Black "Iskusnyh, Sergei"]
[WhiteFideId "46634827"]
[BlackFideId "4120027"]
[WhiteElo "2400"]
[BlackElo "2492"]
[Result "1-0"]
[Round "2"]
[TimeControl "180+2"]
[Date "2023.06.13"]
[WhiteClock "0:00:06"]
[BlackClock "0:00:00"]
[Board "34"]

1. d4 d5 2. Bf4 Nf6 3. e3 c5 4. Nf3 Nc6 5. Nbd2 cxd4 6. exd4 Bg4 7. c3 e6 8. Qb3 Bd6 9. Qxb7 O-O 10. Be3 Na5 11. Qa6 Qc7 12. Be2 Rab8 13. Nb3 Nxb3 14. axb3 Rxb3 15. Bc1 Bf4 16. O-O Bxc1 17. Rfxc1 Rxb2 18. h3 Bh5 19. g4 Bg6 20. Ne5 Ne4 21. Kf1 Nd2+ 22. Ke1 Nb3 23. Qa3 Rxe2+ 24. Kxe2 Nxc1+ 25. Rxc1 f6 26. Nxg6 hxg6 27. Ra1 Rf7 28. Qb4 e5 29. Ra5 exd4 30. cxd4 Re7+ 31. Kf3 g5 32. Rxd5 Qf4+ 33. Kg2 Re2 34. Rd8+ Kh7 35. Qb1+ Qe4+ 36. Qxe4+ Rxe4 37. Kf3 Re7 38. d5 a5 39. d6 Re5 40. d7 Rd5 41. Ke4 Rd1 42. f4 1-0


[Site "https://www.chess.com"]

[Event "Titled Tuesday Blitz June 13 Early 2023"]
[White "Mhango, Banele"]
[Black "Babazada, Khazar"]
[WhiteFideId "14327040"]
[BlackFideId "13413554"]
[WhiteElo "2204"]
[BlackElo "2369"]
[Result "0-1"]
[Round "2"]
[TimeControl "180+2"]
[Date "2023.06.13"]
[WhiteClock "0:01:15"]
[BlackClock "0:02:32"]
[Board "35"]

1. d4 Nf6 2. Nc3 d5 3. Bf4 Bf5 4. e3 e6 5. f3 h6 6. g4 Bh7 7. h4 Nfd7 8. Bd3 Bxd3 9. cxd3 Bd6 10. Nge2 Nc6 11. Qd2 Nb6 12. O-O-O e5 13. dxe5 Nxe5 14. Bxe5 Bxe5 15. f4 Bd6 16. Nd4 Qd7 17. Nf5 g6 18. Nxd6+ Qxd6 19. Nb5 Qd7 20. Qc3 O-O 21. Nd4 c5 22. Nf3 d4 23. exd4 cxd4 24. Qxd4 Qc6+ 25. Kb1 Qxf3 26. h5 Rad8 0-1


[Site "https://www.chess.com"]

[Event "Titled Tuesday Blitz June 13 Early 2023"]
[White "Elsa167"]
[Black "Sipila, Vilka"]
[BlackFideId "505455"]
[WhiteElo "2902"]
[BlackElo "2343"]
[Result "1-0"]
[Round "2"]
[TimeControl "180+2"]
[Date "2023.06.13"]
[WhiteClock "0:01:24"]
[BlackClock "0:00:33"]
[Board "36"]

1. d4 f5 2. Nc3 Nf6 3. Bg5 d5 4. Bxf6 exf6 5. e3 Be6 6. Bd3 Nc6 7. a3 Qd7 8. Nge2 g6 9. Qd2 Bd6 10. Nb5 Be7 11. O-O a6 12. Nbc3 Bd6 13. Na4 O-O 14. b3 Bf7 15. Nb2 Ne7 16. c4 c6 17. c5 Bc7 18. b4 g5 19. f4 Bg6 20. a4 Rae8 21. Nd1 Kg7 22. b5 axb5 23. axb5 cxb5 24. Rb1 Ra8 25. Rxb5 Rfb8 26. Ndc3 b6 27. Rfb1 bxc5 28. dxc5 Nc6 29. Bc4 Rxb5 30. Bxb5 Bf7 31. Nd4 1-0


[Site "https://www.chess.com"]

[Event "Titled Tuesday Blitz June 13 Early 2023"]
[White "Chernobay, Artem"]
[Black "Nguyen, Ngoc Truong Son"]
[WhiteFideId "4167406"]
[BlackFideId "12401110"]
[WhiteElo "2474"]
[BlackElo "2556"]
[Result "1-0"]
[Round "2"]
[TimeControl "180+2"]
[Date "2023.06.13"]
[WhiteClock "0:00:02"]
[BlackClock "0:00:02"]
[Board "37"]

1. d4 d6 2. Nf3 g6 3. e4 Bg7 4. c4 c5 5. d5 e6 6. Bd3 Ne7 7. O-O O-O 8. Nc3 exd5 9. cxd5 Bg4 10. Bg5 h6 11. Bh4 Nd7 12. Be2 g5 13. Bg3 Bxf3 14. Bxf3 Ne5 15. Bg4 a6 16. f4 gxf4 17. Bxf4 N7g6 18. Bg3 Qg5 19. Bf5 h5 20. Kh1 b5 21. Ne2 h4 22. Bf2 Rae8 23. Ng1 Nf4 24. g3 hxg3 25. Bxg3 Nh5 26. Bf2 Nf4 27. Bg3 Neg6 28. Qc1 Be5 29. Nf3 Qh5 30. Nxe5 dxe5 31. Qxc5 Kg7 32. d6 Ne2 33. Qf2 Rd8 34. d7 Nd4 35. Rad1 Rh8 36. Rd2 Nxf5 37. exf5 Nf4 38. Bxf4 exf4 39. Qxf4 Rh6 40. f6+ Kh7 41. Rg1 Kh8 42. Qe4 Rxf6 43. Qe8+ Kh7 44. Qe4+ Rg6 45. Rxg6 fxg6 46. Qe7+ Kh6 47. Qxd8 Qf3+ 48. Kg1 Qe3+ 49. Rf2 Qe1+ 50. Kg2 Qe4+ 51. Kf1 Qb1+ 52. Kg2 Qe4+ 53. Rf3 Qe2+ 54. Kg3 Qe5+ 55. Kf2 Qxb2+ 56. Ke3 Qe5+ 57. Kd2 Qb2+ 58. Ke3 Qe5+ 59. Kd3 Qd5+ 60. Ke2 Qxa2+ 61. Kf1 Qb1+ 62. Kg2 Qa2+ 63. Kg3 1-0


[Site "https://www.chess.com"]

[Event "Titled Tuesday Blitz June 13 Early 2023"]
[White "Terry, Renato"]
[Black "RobertDowneyJr0111"]
[WhiteFideId "3803457"]
[WhiteElo "2575"]
[BlackElo "2592"]
[Result "1-0"]
[Round "2"]
[TimeControl "180+2"]
[Date "2023.06.13"]
[WhiteClock "0:00:21"]
[BlackClock "0:00:02"]
[Board "38"]

1. e4 e5 2. Nf3 Nc6 3. c3 Nf6 4. d4 d6 5. Bb5 Bd7 6. O-O Be7 7. Re1 O-O 8. Ba4 a6 9. Nbd2 Re8 10. Nf1 Bf8 11. Ng3 g6 12. d5 Nb8 13. Bc2 c6 14. c4 b5 15. b3 a5 16. Bd3 bxc4 17. bxc4 Na6 18. Bd2 Nc5 19. Bc2 cxd5 20. cxd5 Bb5 21. Rb1 Qd7 22. Be3 Rec8 23. h3 Na4 24. Qd2 Nc3 25. Rb2 Ba4 26. Qd3 Bb5 27. Qd2 Ba4 28. Bg5 Be7 29. Re3 Bxc2 30. Rxc2 Na4 31. Ra3 Nc5 32. Bxf6 Bxf6 33. Rxa5 Rxa5 34. Qxa5 Qb7 35. Qe1 Ra8 36. Nd2 Qb4 37. Qe3 Ra3 38. Qe2 Nd3 39. Nb3 Nf4 40. Qd2 Qb5 41. Ne2 Bg5 42. Nxf4 Bxf4 43. Qe2 Qa4 44. g3 Bg5 45. Kg2 Kg7 46. h4 Bd8 47. Nc1 Bb6 48. Qc4 Qa5 49. Nb3 Qa7 50. Qc6 Bd4 51. Qxd6 Rxa2 52. Nxd4 exd4 53. Rxa2 Qxa2 54. Qe5+ Kg8 55. Qxd4 1-0


[Site "https://www.chess.com"]

[Event "Titled Tuesday Blitz June 13 Early 2023"]
[White "Becerra, Juan David"]
[Black "Ahmadzada, Ahmad"]
[WhiteFideId "4404998"]
[BlackFideId "13413007"]
[WhiteElo "2304"]
[BlackElo "2388"]
[Result "0-1"]
[Round "2"]
[TimeControl "180+2"]
[Date "2023.06.13"]
[WhiteClock "0:00:14"]
[BlackClock "0:01:13"]
[Board "39"]

1. e4 d5 2. exd5 Qxd5 3. Nc3 Qd8 4. d4 Nf6 5. Bc4 Bg4 6. Nge2 e6 7. f3 Bh5 8. Nf4 Bg6 9. Qe2 Bd6 10. d5 e5 11. Nxg6 hxg6 12. Bg5 Nbd7 13. Ne4 Be7 14. Bxf6 Nxf6 15. O-O-O Nxe4 16. Bb5+ Kf8 17. fxe4 Bd6 18. Rdf1 Qg5+ 19. Kb1 Ke7 20. Qf3 Raf8 21. g3 f5 22. Qe2 Rh3 23. Bd3 Kd8 24. Qg2 Rhh8 25. h4 Qg4 26. Be2 Qxe4 27. Qxe4 fxe4 28. Rxf8+ Rxf8 29. Rf1 Rf6 30. Bg4 Rxf1+ 0-1


[Site "https://www.chess.com"]

[Event "Titled Tuesday Blitz June 13 Early 2023"]
[White "Galchenko, Matvey"]
[Black "Ahmad, Khagan"]
[WhiteFideId "24175480"]
[BlackFideId "13431552"]
[WhiteElo "2423"]
[BlackElo "2209"]
[Result "1-0"]
[Round "2"]
[TimeControl "180+2"]
[Date "2023.06.13"]
[WhiteClock "0:00:26"]
[BlackClock "0:00:10"]
[Board "40"]

1. f4 d5 2. Nf3 c5 3. g3 Nc6 4. Bg2 g6 5. O-O Bg7 6. d3 Nf6 7. Nc3 d4 8. Na4 Qd6 9. c4 O-O 10. a3 e5 11. b4 cxb4 12. axb4 e4 13. Nd2 exd3 14. exd3 Bf5 15. Nc5 Nxb4 16. Nce4 Qc7 17. Nxf6+ Bxf6 18. Ne4 Bg7 19. Ba3 a5 20. Qb3 Bxe4 21. Bxe4 f5 22. Bxb4 axb4 23. Bd5+ Kh8 24. Qxb4 Rxa1 25. Rxa1 b6 26. Re1 Qa7 27. Re7 Qa1+ 28. Kg2 Qc3 29. Qd6 Qd2+ 30. Kh3 Bh6 31. Qe5+ 1-0


[Site "https://www.chess.com"]

[Event "Titled Tuesday Blitz June 13 Early 2023"]
[White "Mortazavi, Ali"]
[Black "Arutinian, David"]
[WhiteFideId "401323"]
[BlackFideId "13601741"]
[WhiteElo "2339"]
[BlackElo "2525"]
[Result "0-1"]
[Round "2"]
[TimeControl "180+2"]
[Date "2023.06.13"]
[WhiteClock "0:00:18"]
[BlackClock "0:01:04"]
[Board "41"]

1. Nf3 Nf6 2. g3 b5 3. Bg2 Bb7 4. O-O e6 5. c3 c5 6. a4 b4 7. d4 Na6 8. Bg5 Be7 9. dxc5 Bxc5 10. cxb4 Nxb4 11. Nc3 O-O 12. Rc1 Be7 13. Nb5 a6 14. Nd6 Bd5 15. Nc4 Rc8 16. Ne3 Rxc1 17. Qxc1 Bc6 18. Ne5 Bxg2 19. Nxg2 h6 20. Bd2 Qa5 21. b3 Qxe5 22. Nf4 Nbd5 23. Nxd5 Qxd5 24. Rd1 Qxb3 25. a5 Qb5 26. Re1 Qh5 27. Kg2 Qd5+ 28. f3 Qb7 29. Rd1 Rc8 30. Qa1 d5 31. Qe5 Nd7 32. Qh5 Qb5 33. Kf1 d4 34. Qxb5 axb5 35. Rb1 Rb8 36. a6 b4 37. a7 Ra8 38. Bxb4 Bxb4 39. Rxb4 Rxa7 40. Rxd4 g6 41. Kf2 Kg7 42. h4 h5 43. Rb4 Nf6 44. Rb5 Ra2 45. Rb3 Nd5 46. Rd3 Rc2 47. Rb3 Nc3 48. Ke3 Nxe2 49. Kd3 Ra2 50. Rb7 Nxg3 51. Ke3 Nf5+ 52. Kf4 Nxh4 53. Kg3 Nf5+ 54. Kh3 g5 55. Rb4 Kg6 56. Rb5 Rf2 57. Rb3 Rxf3+ 58. Rxf3 g4+ 0-1


[Site "https://www.chess.com"]

[Event "Titled Tuesday Blitz June 13 Early 2023"]
[White "Gorovets, Andrey"]
[Black "Spata, German"]
[WhiteFideId "13504037"]
[BlackFideId "113026"]
[WhiteElo "2459"]
[BlackElo "2260"]
[Result "1-0"]
[Round "2"]
[TimeControl "180+2"]
[Date "2023.06.13"]
[WhiteClock "0:00:07"]
[BlackClock "0:00:00"]
[Board "42"]

1. c4 c5 2. Nf3 g6 3. d4 cxd4 4. Nxd4 Bg7 5. e4 Nc6 6. Be3 d6 7. Nc3 Nf6 8. Be2 O-O 9. O-O Bd7 10. Qd2 Nxd4 11. Bxd4 Bc6 12. f3 a5 13. b3 Nd7 14. Be3 Nc5 15. Rab1 Qb6 16. Rfc1 Rfc8 17. Rc2 Qd8 18. Bf1 h5 19. Ne2 Kh7 20. Nd4 Qh8 21. Rd1 Bd7 22. Rcc1 Ne6 23. Ne2 Bb2 24. Rc2 Bg7 25. Nc3 Bc6 26. Nd5 Bxd5 27. exd5 Nc5 28. Re1 Bf6 29. g3 Qd8 30. Bh3 Rcb8 31. Qe2 Qb6 32. Rb1 Qb4 33. Bd2 Qb6 34. Kh1 Kg7 35. Be3 Qb4 36. Bd2 Qb6 37. Rcc1 Na6 38. a3 Nc5 39. Qe3 Qc7 40. b4 axb4 41. axb4 Nd7 42. c5 dxc5 43. bxc5 Ne5 44. Bg2 Ra4 45. Qe2 Ra2 46. f4 Ng4 47. h3 Nh6 48. Qd3 Nf5 49. Be1 Rba8 50. d6 exd6 51. Rxb7 Qd8 52. Bd5 R8a7 53. c6 Rxb7 54. cxb7 Qb6 55. Bxa2 Qxb7+ 56. Bd5 Qb2 57. Rc2 Qb1 58. Qd2 Nxg3+ 59. Kg2 Nf5 60. Bf2 Qa1 61. Be4 Nd4 62. Rc1 1-0


[Site "https://www.chess.com"]

[Event "Titled Tuesday Blitz June 13 Early 2023"]
[White "Zhao, Erick"]
[Black "Harsha Bharathakoti"]
[WhiteFideId "30946930"]
[BlackFideId "5078776"]
[WhiteElo "2584"]
[BlackElo "2504"]
[Result "0-1"]
[Round "2"]
[TimeControl "180+2"]
[Date "2023.06.13"]
[WhiteClock "0:01:13"]
[BlackClock "0:01:08"]
[Board "43"]

1. Nf3 g6 2. g3 Bg7 3. Bg2 e5 4. e4 Nc6 5. O-O Nge7 6. c3 O-O 7. d4 exd4 8. cxd4 d5 9. e5 Bg4 10. Nc3 Nf5 11. Be3 Nce7 12. h3 Nxe3 13. fxe3 Be6 14. Ng5 Nf5 15. Nxe6 fxe6 16. Qe1 Qg5 17. Rf3 Bh6 18. h4 Qg4 19. Qe2 Rf7 20. Kh2 Raf8 21. Raf1 Nxg3 22. Rxg3 Qxe2 23. Nxe2 Rxf1 24. Bxf1 Rxf1 25. Nc3 Rf2+ 26. Rg2 Bxe3 27. Nb5 c6 28. Nc7 Kf7 0-1


[Site "https://www.chess.com"]